Cogmind - Beta 12 *** ADVENTURER MODE // 2023.11.05 @ 17:53:41 // Winter2019/RPGLIKE Player: Noname Result: Destroyed by H-55 Commando with Gauss Rifle Performance ------------- Evolutions (0) 0 Regions Visited (3) 600 Robots Destroyed (21) 105 Value Destroyed (526) 526 Prototype IDs (26) 520 Alien Tech Used (0) 0 Bonus (300) 300 TOTAL SCORE: 2051 Bonus ------- Aligned with FarCom 300 Cogmind --------- Core Integrity 0/600 Matter 300/300 Energy 150/150 System Corruption 0% Temperature Cool (6) Movement Walking (100) Location -10/Exiles Parts ------- > --- POWER (1) -------- Micro Nuclear Core > --- PROPULSION (3) --- Aluminum Leg Potential Leg Potential Leg > --- UTILITY (4) ------ Improved Heat Sink Sensor Array Signal Interpreter Target Analyzer > --- WEAPON (2) ------- Shock Rifle Light Assault Rifle > --- INVENTORY (1) ---- Medium Laser Peak State ------------ > --- POWER ------------ Micro Nuclear Core > --- PROPULSION ------- Aluminum Leg Potential Leg Potential Leg > --- UTILITY ---------- Improved Heat Sink Sensor Array Signal Interpreter Target Analyzer > --- WEAPON ----------- Shock Rifle Light Assault Rifle > --- INVENTORY -------- Medium Laser [Rating: 37] Favorites ----------- Power Light Ion Engine Engine Light Ion Engine Power Core Micro Nuclear Core Propulsion Potential Leg Treads Light Treads Leg Potential Leg Wheel Wheel Utility Sensor Array Device Sensor Array Processor Signal Interpreter Weapon Medium Laser Energy Gun Medium Laser Ballistic Gun Light Assault Rifle Build | -11 -10 -10 -10 ------- Run | Jun Mat Min Exi Slots Evolved 6 | 5 . . 1 Power . | . . . . Propulsion 2 | 2 . . . Utility 3 | 3 . . . Weapon 1 | . . . 1 Parts Attached 16 | 4 4 . 8 Power 1 | . . . 1 Engine . | . . . . Core 1 | . . . 1 Reactor . | . . . . Propulsion 6 | 3 . . 3 Treads 1 | 1 . . . Leg 3 | . . . 3 Wheel 2 | 2 . . . Hover . | . . . . Flight . | . . . . Utility 6 | . 4 . 2 Device 3 | . 2 . 1 Storage . | . . . . Processor 3 | . 2 . 1 Hackware . | . . . . Protection . | . . . . Artifact . | . . . . Weapon 3 | 1 . . 2 Energy Gun 2 | 1 . . 1 Energy Cannon . | . . . . Ballistic Gun 1 | . . . 1 Ballistic Cannon . | . . . . Launcher . | . . . . Special Weapon . | . . . . Impact Weapon . | . . . . Slashing Weapon . | . . . . Piercing Weapon . | . . . . Special Melee Weapon . | . . . . Unidentified Prototypes . | . . . . Parts Lost . | . . . . Power . | . . . . Propulsion . | . . . . Utility . | . . . . Weapon . | . . . . Highest Loss Streak . | . . . . To Critical Strikes . | . . . . Average Slot Usage (%) 97 | . 90 100 100 Engine 9 | . 11 11 8 Core 1 | . . . 2 Treads 9 | . 11 11 7 Leg 11 | . . . 20 Wheel 12 | . 22 22 3 Device 20 | . 16 22 21 Processor 20 | . 17 22 21 Energy Gun 10 | . 11 11 10 Ballistic Gun 1 | . . . 2 Naked Turns . | . . . . Heaviest Build 12 | 5 7 7 12 Greatest Support 70 | 26 26 26 70 Greatest Overweight (x) 2 | . . . 2 Average Overweight (x) . | . . . . Largest Inventory Capacity 1 | 1 1 1 1 Average Capacity 1 | 1 1 1 1 Most Carried 1 | 1 1 1 1 Average Carried . | . 1 1 . Final Capacity 1 | 1 1 1 1 Final Carried 1 | 1 1 1 1 Class Distribution -------------------- 84% | Mutant 11% | Scavenger-Mutant 4% | Scavenger-Skirmisher Dominant Class ---------------- Mutant | -10/Materials Mutant | -10/Mines Mutant | -10/Exiles Resources | -11 -10 -10 -10 ----------- Run | Jun Mat Min Exi Matter Collected 397 | 240 40 . 117 Remotely . | . . . . Salvage Created 749 | . 180 41 528 Parts 44 | . 21 3 20 Haulers Intercepted . | . . . . Recyclers Shooed . | . . . . Parts Field Recycled . | . . . . Retrieved Matter . | . . . . Parts Self-Destructed . | . . . . Prevented . | . . . . Kills | -11 -10 -10 -10 ------- Run | Jun Mat Min Exi Combat Hostiles Destroyed 19 | . 9 2 8 Guns 18 | . 9 2 7 Classes Destroyed 6 | . 2 . 4 Watcher 2 | . 2 . . Swarmer 11 | . 9 2 . Grunt 2 | . . . 2 Brawler 1 | . . . 1 Hunter 4 | . . . 4 Programmer 1 | . . . 1 Best Kill Streak 6 | . 6 2 4 Combat Bots Only 6 | . 6 2 4 Max Kills in Single Turn 1 | . 1 1 1 Gunslinging . | . . . . Exploded . | . . . . Melee . | . . . . Uniques/NPCs Destroyed . | . . . . Combat | -11 -10 -10 -10 -------- Run | Jun Mat Min Exi Damage Taken 855 | . 137 19 699 Core 680 | . 104 14 562 Absorbed by Shields . | . . . . Redirected to Core 541 | . 90 14 437 Core Remaining (%) 100 | 100 . . . Volleys Fired 71 | . 20 4 47 Largest 2 | . 1 1 2 Hottest 70 | . 50 50 70 Shots Fired 108 | . 20 4 84 Gun 108 | . 20 4 84 Cannon . | . . . . Launcher . | . . . . Special . | . . . . Kinetic 37 | . . . 37 Thermal 50 | . 20 4 26 Explosive . | . . . . Electromagnetic 21 | . . . 21 Robot Hit Streak 27 | . 8 1 27 Robot Miss Streak 1 | . 1 1 1 Penetration Max . | . . . . Secondary Targets . | . . . . Shots Hit Robots 94 | . 17 2 75 Core Hits 36 | . 11 2 23 Critical Kills . | . . . . Critical Parts Destroyed . | . . . . Critical Strikes 9 | . 2 . 7 Burn 5 | . 2 . 3 Corrupt 4 | . . . 4 Melee Attacks . | . . . . Impact . | . . . . Slashing . | . . . . Piercing . | . . . . Sneak Attacks . | . . . . Combat Hostiles . | . . . . Follow-up Attacks . | . . . . Damage Inflicted 1022 | . 208 25 789 Guns 1022 | . 208 25 789 Cannons . | . . . . Explosions . | . . . . Melee . | . . . . Ramming . | . . . . Kinetic 188 | . . . 188 Thermal 563 | . 208 25 330 Explosive . | . . . . Electromagnetic 271 | . . . 271 Impact . | . . . . Slashing . | . . . . Piercing . | . . . . Highest Corruption . | . . . . Average Corruption . | . . . . Corruption Purged . | . . . . Corruption Blocked . | . . . . Overload Shots . | . . . . Overflow Damage . | . . . . Projectiles . | . . . . Explosions . | . . . . Melee . | . . . . Knockbacks . | . . . . Impact . | . . . . Kinetic . | . . . . Secondary . | . . . . Self-Inflicted Damage . | . . . . Shots . | . . . . Rammed . | . . . . Targets Rammed . | . . . . Kicked . | . . . . Crushed . | . . . . Highest Temperature 50 | . 50 . 20 Average Temperature 9 | . 23 . 5 Received Heat Transfer 36 | . . . 36 Siege Activations . | . . . . Robots Corrupted . | . . . . Combat Hostiles . | . . . . Parts Fried . | . . . . Impact Corruptions . | . . . . Robots Melted 1 | . . . 1 Combat Hostiles 1 | . . . 1 Parts Melted 9 | . 1 . 8 Heat Transferred 2035 | . 777 74 1184 Parts Sabotaged . | . . . . Parts Stolen . | . . . . Parts Stripped . | . . . . Power Chain Reactions . | . . . . Missiles Intercepted . | . . . . Alert | -11 -10 -10 -10 ------- Run | Jun Mat Min Exi Peak Influence 296 | . 296 162 . Initial 97 | . . 97 . Average 149 | . 176 130 . Maximum Alert Level 1 | . 1 . . Low Security (%) 75 | 100 53 100 . Level 1 24 | . 47 . . Level 2 . | . . . . Level 3 . | . . . . Level 4 . | . . . . Level 5 . | . . . . High Security . | . . . . Max Security . | . . . . Squads Dispatched . | . . . . Investigation . | . . . . Extermination . | . . . . Reinforcement . | . . . . Assault . | . . . . Garrison . | . . . . Intercept . | . . . . Searches Triggered . | . . . . Construction Impeded . | . . . . Haulers Reinforced . | . . . . Active Scanning Responses . | . . . . Cargo Convoy Interrupts . | . . . . Stealth | -11 -10 -10 -10 --------- Run | Jun Mat Min Exi Distress Signals 1 | . 1 . . Communications Jammed . | . . . . Distress Signals . | . . . . Times Spotted 26 | . 12 3 11 Peak Tracking Total 7 | . 7 3 5 Tactical Retreats 1 | . . 1 . Traps | -11 -10 -10 -10 ------- Run | Jun Mat Min Exi Traps Triggered . | . . . . Indirectly . | . . . . Trap Hack Attempts . | . . . . Triggered . | . . . . Disarmed . | . . . . Reprogrammed . | . . . . Reused . | . . . . Traps Extracted . | . . . . Installed . | . . . . Triggered . | . . . . Exploded 1 | . . . 1 Machines | -11 -10 -10 -10 ---------- Run | Jun Mat Min Exi Machines Disabled . | . . . . Max in Single Turn . | . . . . Machines Repaired . | . . . . Machines Sabotaged . | . . . . Overloaded Fab Kills . | . . . . Hacking | -11 -10 -10 -10 --------- Run | Jun Mat Min Exi Machines Accessed 5 | . 4 . 1 Terminals 4 | . 4 . . Fabricators . | . . . . Repair Stations . | . . . . Recycling Units . | . . . . Scanalyzers . | . . . . Garrison Access . | . . . . Total Hacks 14 | . 13 . 1 Successful 12 | . 11 . 1 Failed 2 | . 2 . . Catastrophic 1 | . 1 . . Database Lockouts . | . . . . Manual 5 | . 3 . 2 Terminals 13 | . 13 . . Fabricators . | . . . . Repair Stations . | . . . . Recycling Units . | . . . . Scanalyzers . | . . . . Garrison Access . | . . . . Terminal Hacks 10 | . 9 . 1 Prototype ID Bank 2 | . 2 . . Level Access Points 1 | . 1 . . Branch Access Points 1 | . 1 . . Locate Traps 2 | . 2 . . Hauler Manifests 2 | . 2 . . Registered Prototypes 1 | . 1 . . EX-Prototype ID Bank 1 | . . . 1 Fabricator Hacks . | . . . . Repair Station Hacks . | . . . . Recycling Unit Hacks . | . . . . Scanalyzer . | . . . . Garrison Access Hacks . | . . . . Unauthorized Hacks 2 | . 2 . . Terminals 2 | . 2 . . Botnet 2 | . 2 . . Fabricators . | . . . . Repair Stations . | . . . . Recycling Units . | . . . . Scanalyzers . | . . . . Garrison Access . | . . . . Data Cores Recovered . | . . . . Used . | . . . . Hacking Detections 3 | . 3 . . Full Trace Events . | . . . . Feedback Events . | . . . . Feedback Blocked . | . . . . Robot Schematics Acquired . | . . . . Robots Built . | . . . . Authchips . | . . . . Time . | . . . . Total Robot Build Rating . | . . . . Part Schematics Acquired . | . . . . Parts Built . | . . . . Authchips . | . . . . Time . | . . . . Total Part Build Rating . | . . . . Parts Repaired . | . . . . Time . | . . . . Parts Recycled . | . . . . Recycled Matter . | . . . . Retrieved Matter . | . . . . Retrieved Components . | . . . . Parts Scanalyzed . | . . . . Part Schematics Acquired . | . . . . Parts Damaged . | . . . . Bothacking | -11 -10 -10 -10 ------------ Run | Jun Mat Min Exi Used RIF Installer . | . . . . Robots Hacked . | . . . . Non-combat . | . . . . Combat . | . . . . Robot Hacks Applied . | . . . . Relay Couplers Released . | . . . . Fabnet Peak Effective % . | . . . . Robots Rewired . | . . . . Allies Hacked . | . . . . Hacks Repelled . | . . . . Allies | -11 -10 -10 -10 -------- Run | Jun Mat Min Exi Total Allies . | . . . . Largest Group . | . . . . Highest-Rated Group . | . . . . Highest-Rated Ally . | . . . . Total Orders . | . . . . Ally Attacks . | . . . . Total Damage . | . . . . Kills . | . . . . Allies Corrupted . | . . . . Allies Melted . | . . . . Intel | -11 -10 -10 -10 ------- Run | Jun Mat Min Exi Robot Analysis Total . | . . . . Derelict Logs Recovered 1 | . . 1 . Drone Launches . | . . . . Drone Recoveries . | . . . . Exploration | -11 -10 -10 -10 ------------- Run | Jun Mat Min Exi Turns Passed 1225 | 24 300 256 645 Spaces Moved 1005 | 18 265 269 453 Core 1 | . . . 1 Treads . | . . . . Legs 344 | 1 . . 343 Wheels 660 | 17 265 269 109 Hover . | . . . . Flight . | . . . . Fastest Speed 80 | 80 90 90 90 Average Speed 90 | 91 90 90 90 Slowest Speed 150 | 120 90 90 150 Overloaded Moves . | . . . . Propulsion Burnouts . | . . . . Robots Hopped . | . . . . Cave-ins Triggered . | . . . . Exploration Rate (%) 60 | 2 56 95 88 Regions Visited 3 Branch Regions 2 Pre-discovered Areas 1 | . . 1 . Known Exits Taken 2 | . 1 1 . Unknown Exits Taken 1 | 1 . . . Scrap Searched 2 | . . 2 . Spaces Dug . | . . . . Terrain Destroyed . | . . . . Melee . | . . . . Projectile . | . . . . AOE . | . . . . Terrain Rammed . | . . . . Walls Destroyed . | . . . . Machines Disabled . | . . . . Actions | -11 -10 -10 -10 --------- Run | Jun Mat Min Exi Total 1216 | 24 304 278 610 Wait 113 | . 12 6 95 Move 1002 | 17 264 268 453 Hop . | . . . . Pick Up 2 | 1 . . 1 Fast Attach 12 | 4 4 . 4 Attach 1 | . . . 1 Detach 1 | . . . 1 Swap 3 | . . . 3 Drop 7 | 2 . . 5 Fire 71 | . 20 4 47 Melee . | . . . . Ram . | . . . . Kick . | . . . . Crush . | . . . . Escape Stasis . | . . . . Rewire . | . . . . Trap . | . . . . Miscellaneous 4 | . 4 . . Route ------- -11/Junkyard -10/Materials (discovered 4 exits: Mat x3 / *Min) -10/Mines (discovered 3 exits: *Mat x2 / *Exi) -10/Exiles (discovered 1 exit: [*Min]) History --------- Turn | Location | Event 1 | -11/Junkyard | Upgraded with Propulsion slot (x2) 1 | -11/Junkyard | Upgraded with Utility slot (x3) 1 | -11/Junkyard | Discovered new exit (range 1) 25 | -11/Junkyard | Entered Materials 223 | -10/Materials | Identified exit to Materials 223 | -10/Materials | Identified exit to Mines 307 | -10/Materials | Build established: Mutant 325 | -10/Materials | Entered Mines 327 | -10/Mines | Reached level 2 396 | -10/Mines | Found a hidden stash of uninstalled traps 417 | -10/Mines | Learned location of Zion (-7) 477 | -10/Mines | Discovered exit to Materials (range 8) 510 | -10/Mines | Discovered exit to Materials (range 9) 577 | -10/Mines | Deemed a non-threat by the Exiles lab entrance 577 | -10/Mines | Discovered new exit (range 5) 580 | -10/Mines | Identified exit to Exiles 581 | -10/Mines | Entered Exiles 593 | -10/Exiles | Discovered new exit (range 16) 604 | -10/Exiles | Met 8R-AWN 619 | -10/Exiles | Met EX-HEX 645 | -10/Exiles | Met EX-BIN 654 | -10/Exiles | Aligned with FarCom system 655 | -10/Exiles | Given EX-Vault access code 676 | -10/Exiles | Opened EX-Vault 682 | -10/Exiles | Found Potential Leg 685 | -10/Exiles | Found Potential Leg 705 | -10/Exiles | Warned to stay clear of 0b10 Research branches 718 | -10/Exiles | Exiles lab attacked by MAIN.C 1038 | -10/Exiles | Upgraded with Weapon slot (x1) 1132 | -10/Exiles | Core integrity fell below 50% 1180 | -10/Exiles | Reached level 3 1205 | -10/Exiles | Core integrity fell below 20% 1226 | -10/Exiles | Destroyed by H-55 Commando with Gauss Rifle Last Messages --------------- 01189_ P-60 Hacker resets H-55 Commando, system corruption cleaned. 01190_ Acquired 1 matter. 01190_ Machine disabled. 01191_ P-60 Hacker resets H-55 Commando, system corruption cleaned. 01192_ H-55 Commando destroyed. 01193_ Acquired 1 matter. 01198_ P-60 Hacker resets P-60 Hacker, system corruption cleaned. 01205_ Acquired 1 matter. 01217_ Slug penetrates Wall. 01218_ Destroyed Shock Rifle. 01219_ Acquired 1 matter. 01220_ Slug penetrates Wall. 01221_ Wall collapses. 01221_ P-60 Hacker IFF system glitched. 01221_ Chain reaction triggered in Lgt. Nuclear Core. 01221_ P-60 Hacker destroyed. 01222_ Acquired 1 matter. 01223_ Penetrated by Slug. 01225_ Acquired 1 matter. 01225_ P-60 Hacker resets H-55 Commando, system corruption cleaned. Map ----- +----------------------------------------------------+ | ???????????????##"" % | | ????????????????#"""" | | ????????????????## | | ?????????????????#" " "" | | ?????????????????#"""" ""#?? ##""" " | | ?????????????????#"" ""###?????####" | | ?????????????????#" """"##??????????## | | ?????????????????#""" """#????????????? | | ?????????????????## ""##????????????? | | ??????????????????#"" """##?????????????? | | ??????????????????##""" ##??????????????? | | ???????????????????##""""x ##???????????????? | | ????????????????????### #????????????????? | | ??????????????????????##### ##????????????????? | | ??????????????????????????## #?????????????????? | | ???????????????????????????# #?????????????????? | | ???????????????????????????# #?????????????????? | | ???????????????????????????# xx#?????????????????? | | #??????######???#######????# #?????????????????? | | "?????"""""""#??#"""""""???# h#?????????????????? | | "????#"""""""#??#"""""""#??#x #?????????????????? | | ?#"""""""" "#??#" """"#??#!%[#?????????????????? | | "?#""#""" """#??#"" """#??#%[[#?????????????????? | | "?#""#"" ""????"" ""??#;*%*#?????????????????? | | ###""###"""########"""####;%h%=########????#?????? | | """"""" """""""" "" @%!|!%"""""""#??"""#????? | | """""" """"""" /%%%%*= "#"" ""#????? | | *=%%=!= " ""#????? | | !=*%= " " "#????? | | | " """#????? | | "" "" #"" ""#????? | | """""" """"" " " "" """""#"""""#????? | | ########"""###""###"""########"""######?#####????? | | "?????"" ""#""#"" ""????"" ""??????????????? | | "?????""" ""#""#" " ""????"" """??????????????? | | ????#" """"""""#" " "#??#"""""""#?????????????? | | "?????"""""""????"""""""????"" """"??????????????? | | "?????"""""""????"""""""#???""""""???????????????? | | ???????????????????####??????###?????????????????? | | ?????????????????????????????????????????????????? | | ?????????????????????????????????????????????????? | | ?????????????????????????????????????????????????? | | ?????????????????????????????????????????????????? | | | | | | | | | | | | | | | +----------------------------------------------------+ Best States ------------- Heat Dissipation 39 Energy Generation 15 Energy Capacity 150 Matter Stores 300 Matter Capacity 300 Sight Range 18 Robot Scan Range 14 Terrain Scan Density 10 Resistance: KI 25 Resistance: TH 20 Resistance: EX 20 Resistance: EM 20 Resistance: I 20 Resistance: S 20 Resistance: P 20 Evasion (%) 57 Target Analysis 5 Recoil Reduction 1 Offensive Hacking 10 Item Schematics ----------------- None Robot Schematics ------------------ None Fabricated ------------ Nothing Alien Tech Used ----------------- None Achievements -------------- None Challenges ------------ None RPGLIKE | -11 -10 -10 -10 --------- Run | Jun Mat Min Exi Levels Raised 2 | . . 1 1 XP Earned 7190 | 4000 1290 750 1150 XP Spent 5900 | 3950 . . 1950 Upgrades 12 | 6 . . 6 Propulsion Slot 2 | 2 . . . Utility Slot 3 | 3 . . . Weapon Slot 1 | . . . 1 Inventory Capacity 1 | 1 . . . Ranged Accuracy 2 | . . . 2 KI Resistance % 1 | . . . 1 KI Damage % 1 | . . . 1 TH Damage % 1 | . . . 1 Protomatter Created 42 | . 42 . . Integrity Restored 75 | . 75 . . Core 75 | . 75 . . Protomatter Decayed 128 | . 17 . 111 Game ------ Seed ConstructGhostDisintegrator Manual? 0 Play Time 00:13:06 Cumulative 113.8 hours Start 2023.11.05 @ 17:37:16 End 2023.11.05 @ 17:53:41 Sessions 1 Manual Loads 0 Difficulty Adventurer Special Mode Winter2019/RPGLIKE Game No. 47 Rogue 28 Adventurer 19 Explorer 0 Win Type - Total 5 Types 5/0/0/0/0/0/0/0/0 Lore% 57 Gallery% 65 Achievement% 53 Wizard Run 0 Options --------- ASCII 0 Keyboard 1 Movement Vi Keybinds 0 Fullscreen 2 Font 18/Terminus Map View 76x50 Tactical HUD 1 Map Filters NONE Filters NONE Steam X RUN: 8fb60554-9480-466d-9faa-57c8af4a2bec